AoeStats
← v.jasny

Arena

510144456Analyzed
1v1 RM · 3d ago on Sep 29, 2026· 51m 53s· 2 players
Game mode
Random Map
Map size
Tiny (2 player)
Population
200
Speed
Normal
Resources
Standard
Victory
Conquest
Starting age
Dark Age
Ending age
Imperial Age
RankedLock teamsTeams togetherTeam positionsShared explorationLock speedFull tech treeHidden civsTurbo modeCheats
Victory
Defeat
🇨🇿 Bohemians · Czechia
825
+15
🇺🇸 Byzantines · United States
805
-39
Fornax3
6:26 Loom
12:26 Feudal Age
14:05 Double-Bit Axe
14:03 Horse Collar
21:15 Castle Age
23:59 Pikeman
30:06 Wheelbarrow
30:00 Murder Holes
32:19 Elite Skirmisher
37:33 Light Cavalry
v.jasny
2:34 Loom
10:00 Feudal Age
11:16 Wheelbarrow
10:29 Double-Bit Axe
13:18 Horse Collar
16:04 Town Watch
20:01 Castle Age
21:11 Hand Cart
22:20 Chemistry
21:36 Bow Saw
22:16 Heavy Plow
26:45 Town Patrol
32:03 Wagenburg Tactics
37:40 Imperial Age
38:50 Conscription
39:35 Two-Man Saw
42:22 Fortified Wall
45:11 Houfnice
46:18 Ballistics
Connection lost

Rejoining the realm…

Still unreachable

The connection could not be restored.

Session expired

The server has moved on; the page needs a fresh start.